General information
- name: BNet
- type: Ladder team game (AT/RT)
- host: Battle.net
- saver: JewGold
map: Mur'gulOasis
- players: 8
- length: 67:12
- speed: Fast
- version: 1.26 W3XP
- replay type: Public
» download(279 KB)
Players
team 1 (winner)

»
tholswim (
teal | 34 APM | 834 actions | 24:38)
4 Paladin
1 Holy Light
2 Devotion Aura
1 Divine Shield
1 Archmage
1 Summon Water Elemental
» actions
| Assign group hotkey | 23 | |
| Basic commands | 11 | |
| Build / train | 71 | |
| Enter build submenu | 19 | |
| Enter hero's abilities submenu | 5 | |
| Right click | 428 | |
| Select / deselect | 196 | |
| Select group hotkey | 39 | |
| Use ability | 42 | |
834 total
» units
| Peasant | 15 | |
| Footman | 9 | |
| Priest | 1 | |
| Knight | 3 | |
| Siege Engine | 15 | |
43 total
» upgrades
| Masonry | 2 | |
| Lumber Harvesting | 1 | |
| Swords | 1 | |
| Plating | 2 | |
| Priest Training | 1 | |
| Barrage | 1 | |
| Gunpowder | 3 | |
| Animal War Training | 1 | |
12 total
» buildings
| Altar of Kings | 1 | |
| Farm | 10 | |
| Barracks | 1 | |
| Scout Tower | 1 | |
| Arcane Tower | 1 | |
| Lumber Mill | 1 | |
| Arcane Vault | 1 | |
| Keep | 1 | |
| Blacksmith | 1 | |
| Castle | 1 | |
| Arcane Sanctum | 1 | |
| Workshop | 2 | |
22 total
» build order
00:27 Altar of Kings
00:33 Farm
00:57 Barracks
01:14 Farm
01:38 Scout Tower
01:51 Farm
02:08 Arcane Tower
02:17 Lumber Mill
02:38 Farm
02:57 Arcane Vault
03:33 Farm
04:15 Keep
05:38 Blacksmith
05:42 Farm
07:14 Castle
07:17 Arcane Sanctum
07:24 Farm
08:45 Farm
09:41 Workshop
09:45 Workshop
13:31 Farm
13:39 Farm
» items
| Scroll of Regeneration | 2 | |
| Lesser Clarity Potion | 1 | |
| Scroll of Healing | 1 | |
4 total

»
xX-WeedFiend-Xx (
pink | 38 APM | 806 actions | 20:58)
3 Far Seer
1 Feral Spirit
2 Chain Lighting
1 Shadow Hunter
1 Healing Wave
» actions
| Basic commands | 1 | |
| Build / train | 36 | |
| Enter build submenu | 15 | |
| Enter hero's abilities submenu | 4 | |
| Remove unit from queue | 1 | |
| Right click | 376 | |
| Select / deselect | 339 | |
| Use ability | 34 | |
806 total
» units
| Peon | 7 | |
| Grunt | 4 | |
| Troll Headhunter/Berserker | 3 | |
| Shaman | 3 | |
| Tauren | 1 | |
18 total
» upgrades
| Armor | 1 | |
| Melee Weapons | 1 | |
| Shaman Training | 2 | |
| Pulverize | 1 | |
5 total
» buildings
| Altar of Storms | 1 | |
| Orc Burrow | 4 | |
| Barracks | 1 | |
| War Mill | 1 | |
| Stronghold | 1 | |
| Voodoo Lounge | 1 | |
| Fortress | 1 | |
| Spirit Lodge | 1 | |
| Tauren Totem | 2 | |
| Watch Tower | 1 | |
14 total
» build order
00:28 Altar of Storms
00:32 Orc Burrow
01:05 Barracks
01:48 War Mill
01:56 Orc Burrow
04:01 Stronghold
04:13 Orc Burrow
04:28 Voodoo Lounge
06:28 Fortress
07:30 Spirit Lodge
10:23 Tauren Totem
10:31 Tauren Totem
12:09 Orc Burrow
13:14 Watch Tower
» items
| Healing Salve | 2 | |
| Lesser Clarity Potion | 2 | |
| Orb of Lightning | 1 | |
5 total
JewGold (
red | 71 APM | 4766 actions | 67:12)
9 Blademaster
3 Wind Walk
3 Critical Strike
1 Bladestorm
2 Mirror Image
» actions
| Assign group hotkey | 98 | |
| Basic commands | 41 | |
| Build / train | 133 | |
| ESC pressed | 18 | |
| Enter build submenu | 73 | |
| Enter hero's abilities submenu | 10 | |
| Give item / drop item | 6 | |
| Remove unit from queue | 3 | |
| Right click | 1940 | |
| Select / deselect | 422 | |
| Select group hotkey | 1407 | |
| Use ability | 615 | |
4766 total
» units
| Peon | 23 | |
| Grunt | 5 | |
| Wind Rider | 10 | |
| Troll Batrider | 2 | |
40 total
» upgrades
| Berserker Strength | 1 | |
| Armor | 3 | |
| Pillage | 1 | |
| Ranged Weapons | 3 | |
| Reinforced Defenses | 1 | |
| Envenomed Spears | 1 | |
| Liquid Fire | 1 | |
| Spiked Barricades | 3 | |
| Backpack | 1 | |
15 total
» buildings
| Orc Burrow | 7 | |
| Altar of Storms | 2 | |
| Barracks | 1 | |
| Voodoo Lounge | 2 | |
| Stronghold | 8 | |
| War Mill | 2 | |
| Watch Tower | 35 | |
| Beastiary | 9 | |
| Fortress | 8 | |
| Great Hall | 5 | |
79 total
» build order
00:12 Orc Burrow
00:50 Altar of Storms
00:54 Barracks
01:26 Orc Burrow
01:53 Voodoo Lounge
02:11 Orc Burrow
03:40 Stronghold
03:41 Stronghold
03:41 Stronghold
05:31 War Mill
05:36 Orc Burrow
06:52 Watch Tower
06:59 Watch Tower
07:06 Beastiary
07:09 Beastiary
07:10 Beastiary
07:27 Watch Tower
08:08 Beastiary
08:16 Beastiary
08:20 Watch Tower
08:28 Watch Tower
09:48 Fortress
09:48 Fortress
09:48 Fortress
13:17 Watch Tower
15:09 Watch Tower
15:13 Watch Tower
15:14 Watch Tower
21:41 Great Hall
21:45 Watch Tower
21:46 Watch Tower
21:47 Watch Tower
21:48 Watch Tower
21:52 Watch Tower
21:53 Watch Tower
21:55 Watch Tower
21:57 Watch Tower
21:58 Watch Tower
21:59 Watch Tower
22:00 Watch Tower
25:11 Great Hall
27:54 Watch Tower
27:55 Watch Tower
28:00 Watch Tower
28:38 Orc Burrow
29:46 Orc Burrow
30:59 Orc Burrow
31:30 Voodoo Lounge
31:36 War Mill
32:17 Stronghold
32:17 Stronghold
32:17 Stronghold
32:59 Watch Tower
33:18 Watch Tower
33:23 Watch Tower
34:05 Watch Tower
36:39 Great Hall
37:49 Great Hall
37:52 Watch Tower
37:55 Watch Tower
37:58 Watch Tower
38:01 Watch Tower
38:11 Altar of Storms
40:45 Fortress
40:45 Fortress
40:45 Fortress
44:12 Beastiary
44:17 Beastiary
44:20 Beastiary
44:33 Beastiary
52:38 Great Hall
53:18 Watch Tower
53:20 Watch Tower
53:21 Watch Tower
53:22 Watch Tower
» items
| Boots of Speed | 2 | |
| Staff of Teleportation | 1 | |
| Healing Salve | 8 | |
| Lesser Clarity Potion | 5 | |
| Scroll of Town Portal | 2 | |
| Potion of Mana | 1 | |
| Orb of Lightning | 1 | |
| Potion of Healing | 2 | |
22 total
spread-em-legs (
yellow | 72 APM | 3811 actions | 53:02)
6 Blademaster
3 Wind Walk
2 Critical Strike
1 Bladestorm
» actions
| Assign group hotkey | 95 | |
| Basic commands | 29 | |
| Build / train | 74 | |
| Enter build submenu | 16 | |
| Enter hero's abilities submenu | 6 | |
| Give item / drop item | 3 | |
| Remove unit from queue | 1 | |
| Right click | 1937 | |
| Select / deselect | 287 | |
| Select group hotkey | 1158 | |
| Use ability | 205 | |
3811 total
» units
» upgrades
| Melee Weapons | 2 | |
| Ensnare | 1 | |
| Reinforced Defenses | 1 | |
| Pillage | 1 | |
| Armor | 1 | |
6 total
» buildings
| Altar of Storms | 1 | |
| Orc Burrow | 4 | |
| War Mill | 1 | |
| Voodoo Lounge | 2 | |
| Watch Tower | 13 | |
| Stronghold | 1 | |
| Beastiary | 2 | |
| Fortress | 1 | |
25 total
» build order
00:14 Altar of Storms
00:21 Orc Burrow
00:38 War Mill
01:07 Voodoo Lounge
01:52 Watch Tower
02:24 Watch Tower
02:45 Watch Tower
03:33 Stronghold
03:46 Orc Burrow
03:47 Orc Burrow
03:48 Orc Burrow
04:08 Watch Tower
04:51 Watch Tower
06:04 Beastiary
06:06 Beastiary
08:34 Fortress
15:18 Watch Tower
15:19 Watch Tower
15:19 Watch Tower
16:24 Watch Tower
16:25 Watch Tower
16:26 Watch Tower
16:31 Watch Tower
16:32 Watch Tower
21:51 Voodoo Lounge
» items
| Healing Salve | 5 | |
| Lesser Clarity Potion | 5 | |
| Potion of Mana | 4 | |
| Staff of Teleportation | 1 | |
| Boots of Speed | 1 | |
| Potion of Lesser Invulnerability | 3 | |
| Potion of Healing | 4 | |
| Orb of Lightning | 1 | |
| Scroll of Town Portal | 2 | |
| Scroll of Speed | 1 | |
27 total
team 2 (loser)

»
w321 (
purple | 92 APM | 3085 actions | 33:31)
6 Archmage
3 Summon Water Elemental
2 Brilliance Aura
1 Mass Teleport
5 Paladin
2 Holy Light
2 Divine Shield
1 Devotion Aura
2 Mountain King
1 Storm Bolt
1 Thunder Clap
» actions
| Assign group hotkey | 30 | |
| Basic commands | 92 | |
| Build / train | 67 | |
| Enter build submenu | 16 | |
| Enter hero's abilities submenu | 14 | |
| Give item / drop item | 1 | |
| Remove unit from queue | 1 | |
| Right click | 744 | |
| Select / deselect | 318 | |
| Select group hotkey | 1685 | |
| Use ability | 117 | |
3085 total
» units
| Peasant | 17 | |
| Rifleman | 7 | |
| Mortar Team | 6 | |
| Priest | 3 | |
| Sorceress | 2 | |
35 total
» upgrades
| Long Rifles | 1 | |
| Gunpowder | 1 | |
| Armor | 1 | |
| Priest Training | 1 | |
4 total
» buildings
| Farm | 14 | |
| Altar of Kings | 1 | |
| Lumber Mill | 1 | |
| Scout Tower | 3 | |
| Blacksmith | 1 | |
| Arcane Tower | 1 | |
| Barracks | 1 | |
| Keep | 1 | |
| Workshop | 1 | |
| Arcane Sanctum | 1 | |
| Castle | 1 | |
26 total
» build order
00:27 Farm
00:44 Altar of Kings
00:58 Lumber Mill
01:05 Farm
01:17 Scout Tower
02:02 Blacksmith
02:10 Arcane Tower
02:27 Barracks
02:36 Farm
02:37 Farm
02:39 Farm
03:27 Keep
03:38 Farm
03:40 Farm
04:25 Farm
04:28 Farm
04:29 Farm
05:54 Workshop
05:59 Arcane Sanctum
08:19 Farm
08:20 Farm
08:21 Farm
08:22 Farm
08:56 Castle
14:31 Scout Tower
14:32 Scout Tower
» items
| Scroll of Town Portal | 2 | |
| Scroll of Healing | 1 | |
3 total

»
bandit6 (
green | 11 APM | 589 actions | 54:08)
2 Death Knight
1 Death Coil
1 Unholy Aura
1 Lich
1 Frost Nova
» actions
| Assign group hotkey | 11 | |
| Basic commands | 15 | |
| Build / train | 32 | |
| ESC pressed | 1 | |
| Enter build submenu | 9 | |
| Enter hero's abilities submenu | 3 | |
| Remove unit from queue | 1 | |
| Right click | 268 | |
| Select / deselect | 189 | |
| Select group hotkey | 33 | |
| Use ability | 26 | |
589 total
» units
| Acolyte | 7 | |
| Ghoul | 5 | |
| Crypt Fiend | 6 | |
18 total
» upgrades
» buildings
| Crypt | 1 | |
| Ziggurat | 4 | |
| Altar of Darkness | 1 | |
| Tomb of Relics | 1 | |
| Graveyard | 1 | |
| Nerubian Tower | 1 | |
| Spirit Tower | 3 | |
| Halls of the Dead | 1 | |
| Necropolis | 1 | |
14 total
» build order
00:23 Crypt
00:25 Ziggurat
00:40 Altar of Darkness
01:11 Tomb of Relics
01:19 Graveyard
01:22 Nerubian Tower
02:09 Ziggurat
03:13 Spirit Tower
03:56 Ziggurat
05:05 Halls of the Dead
05:37 Spirit Tower
07:18 Ziggurat
09:02 Spirit Tower
10:41 Necropolis
» items

»
0nsIaugh7 (
blue | 20 APM | 1359 actions | 67:12)
6 Tauren Chieftain
2 Endurance Aura
3 War Stomp
1 Reincarnation
5 Goblin Tinker
3 Cluster Rockets
2 Engineering Upgrade
4 Shadow Hunter
2 Healing Wave
2 Hex
» actions
| Assign group hotkey | 39 | |
| Basic commands | 213 | |
| Build / train | 79 | |
| ESC pressed | 14 | |
| Enter build submenu | 34 | |
| Enter hero's abilities submenu | 15 | |
| Give item / drop item | 2 | |
| Right click | 155 | |
| Select / deselect | 384 | |
| Select group hotkey | 253 | |
| Use ability | 171 | |
1359 total
» units
| Peon | 12 | |
| Grunt | 8 | |
| Troll Witch Doctor | 5 | |
| Tauren | 9 | |
| Demolisher | 4 | |
38 total
» upgrades
| Armor | 2 | |
| Melee Weapons | 2 | |
| Ranged Weapons | 1 | |
| Berserker Strength | 1 | |
| Spiked Barricades | 2 | |
| Witch Doctor Training | 2 | |
| Pulverize | 1 | |
| Pillage | 1 | |
| Spirit Walker Training | 2 | |
| Reinforced Defenses | 1 | |
| Burning Oil | 1 | |
16 total
» buildings
| Altar of Storms | 1 | |
| Orc Burrow | 7 | |
| Barracks | 1 | |
| War Mill | 2 | |
| Stronghold | 1 | |
| Voodoo Lounge | 1 | |
| Spirit Lodge | 2 | |
| Fortress | 2 | |
| Tauren Totem | 1 | |
| Watch Tower | 17 | |
| Great Hall | 2 | |
37 total
» build order
00:06 Altar of Storms
00:07 Orc Burrow
00:36 Barracks
01:33 Orc Burrow
02:41 War Mill
03:13 Stronghold
03:15 War Mill
03:47 Voodoo Lounge
04:56 Orc Burrow
06:50 Spirit Lodge
07:13 Spirit Lodge
08:13 Fortress
08:14 Fortress
08:42 Orc Burrow
11:05 Tauren Totem
11:22 Orc Burrow
14:03 Watch Tower
14:04 Watch Tower
14:10 Watch Tower
14:15 Watch Tower
15:21 Watch Tower
15:28 Watch Tower
15:31 Watch Tower
15:53 Watch Tower
16:11 Watch Tower
16:12 Watch Tower
16:13 Watch Tower
16:15 Watch Tower
17:47 Orc Burrow
20:13 Orc Burrow
22:15 Great Hall
25:04 Great Hall
25:32 Watch Tower
25:33 Watch Tower
25:34 Watch Tower
25:36 Watch Tower
25:39 Watch Tower
» items
| Healing Salve | 1 | |
| Periapt of Vitality | 1 | |
| Scroll of Town Portal | 1 | |
3 total
WildBunch_ (
orange | 30 APM | 2030 actions | 67:12)
8 Blademaster
3 Wind Walk
3 Critical Strike
1 Bladestorm
1 Mirror Image
» actions
| Assign group hotkey | 80 | |
| Basic commands | 212 | |
| Build / train | 81 | |
| Enter build submenu | 52 | |
| Enter hero's abilities submenu | 8 | |
| Give item / drop item | 8 | |
| Remove unit from queue | 1 | |
| Right click | 749 | |
| Select / deselect | 493 | |
| Select group hotkey | 205 | |
| Use ability | 141 | |
2030 total
» units
| Peon | 12 | |
| Grunt | 5 | |
| Wind Rider | 14 | |
| Raider | 4 | |
| Demolisher | 7 | |
42 total
» upgrades
| Ranged Weapons | 3 | |
| Armor | 4 | |
| Pillage | 1 | |
| Melee Weapons | 1 | |
| Ensnare | 1 | |
| Reinforced Defenses | 1 | |
| Envenomed Spears | 1 | |
| Burning Oil | 1 | |
13 total
» buildings
| Orc Burrow | 7 | |
| Altar of Storms | 1 | |
| Barracks | 5 | |
| Voodoo Lounge | 2 | |
| Stronghold | 1 | |
| War Mill | 3 | |
| Watch Tower | 26 | |
| Beastiary | 4 | |
| Great Hall | 2 | |
| Fortress | 1 | |
52 total
» build order
00:13 Orc Burrow
00:55 Altar of Storms
00:56 Barracks
01:10 Orc Burrow
01:40 Voodoo Lounge
02:50 Stronghold
04:02 War Mill
04:48 Orc Burrow
05:23 Watch Tower
05:26 Watch Tower
05:54 Beastiary
05:56 Beastiary
06:28 Orc Burrow
06:35 Watch Tower
06:38 Watch Tower
09:10 Great Hall
09:13 Watch Tower
09:14 Watch Tower
09:14 Watch Tower
09:16 Watch Tower
10:18 Watch Tower
10:19 Watch Tower
10:20 Watch Tower
10:36 Watch Tower
11:15 Voodoo Lounge
12:08 Fortress
15:42 Watch Tower
15:43 Watch Tower
15:44 Watch Tower
15:45 Watch Tower
15:46 Watch Tower
15:48 Watch Tower
15:54 War Mill
20:53 Great Hall
20:58 Watch Tower
20:58 Watch Tower
20:59 Watch Tower
21:00 Watch Tower
21:02 Watch Tower
21:02 Watch Tower
22:08 Watch Tower
22:10 Watch Tower
24:16 Orc Burrow
24:19 Orc Burrow
24:21 Orc Burrow
25:10 Beastiary
25:36 Beastiary
25:50 War Mill
36:12 Barracks
36:13 Barracks
36:14 Barracks
36:15 Barracks
» items
| Healing Salve | 6 | |
| Potion of Healing | 2 | |
| Scroll of Town Portal | 1 | |
| Orb of Lightning | 1 | |
| Periapt of Vitality | 4 | |
14 total
Chat log
(00:07 / All) spread-em-legs: ur going down purple
(00:10 / All) spread-em-legs: down like my sister
(00:55 / All) spread-em-legs: keep calm cool guy
(00:58 / All) spread-em-legs: i know ur games
(01:27 / Allies) spread-em-legs: pink
(01:30 / Allies) spread-em-legs: lets hero rush top k?
(01:46 / Allies) spread-em-legs: i need some kind of confirmation u know english
(02:43 / All) WildBunch_: I'm just a creep in a tshirt jeans I don't fucking care
(03:00 / All) 0nsIaugh7: what are you queers babbling about?
(03:17 / All) JewGold: It's a Portugal The Man song
(03:31 / All) JewGold: Damn I'm use to human selected my peons and tried to make them militia
(03:35 / All) JewGold: almost put them on a hotkey
(06:38 / Allies) xX-WeedFiend-Xx: wood???
(09:19 / Allies) xX-WeedFiend-Xx: wood?? tauren on way
(09:23 / Allies) tholswim: who has aa?
(10:33 / Allies) spread-em-legs: get his acos
(10:34 / Allies) spread-em-legs: lol
(10:34 / All) tholswim: oj your teams town is dieing
(10:45 / Allies) spread-em-legs: gold
(12:03 / All) bandit6: this is a great team
(12:23 / Allies) spread-em-legs: green is out of the game
(12:26 / Allies) spread-em-legs: unless he buys orc hall
(12:35 / All) WildBunch_: If you can't help yourself how can you expect otehrs to help you?
(12:43 / All) WildBunch_: If you won't*
(12:49 / Allies) spread-em-legs: ignore it pink
(12:51 / Allies) spread-em-legs: 2 many towers
(13:52 / Allies) xX-WeedFiend-Xx: guys wtf tp
(14:07 / Allies) xX-WeedFiend-Xx: or not
(15:00 / Allies) xX-WeedFiend-Xx: good luck
(15:03 / Allies) xX-WeedFiend-Xx: yall better build
(15:25 / Allies) xX-WeedFiend-Xx: yellow more units
(17:46 / Allies) spread-em-legs: his hall is almost dead
(17:50 / All) spread-em-legs: blue are u fucking kddding me
(17:54 / All) spread-em-legs: ur hacking
(17:56 / All) spread-em-legs: u have to be
(17:59 / All) spread-em-legs: y are u helping purple
(18:03 / All) 0nsIaugh7: eyes you fuck
(18:33 / Allies) spread-em-legs: jesus
(18:35 / Allies) xX-WeedFiend-Xx: red burrows and units
(19:09 / Allies) JewGold: Why would I trust the advice of someone who got killed LOL
(19:26 / Allies) xX-WeedFiend-Xx: lol, beacuse no one helped me... and im trying to help
(19:30 / Allies) xX-WeedFiend-Xx: and you have 2 k and no food
(19:35 / All) WildBunch_: you're a fucking failure teal
(20:00 / All) tholswim: i could have towered like red
(20:09 / All) tholswim: and stayed in the base
(20:10 / All) WildBunch_: Excuses excuses
(20:22 / All) WildBunch_: Now I take your gold
(21:18 / All) tholswim: red is afk
(21:25 / All) bandit6: doubt that
(21:35 / All) tholswim: nope he left
(22:02 / All) tholswim: sorry hes here just not making units
(22:07 / All) tholswim: my bad
(22:47 / All) tholswim: soory he spent gold on a mine and towers
(22:51 / All) tholswim: not units
(22:59 / All) tholswim: see
(23:24 / All) spread-em-legs: blue u have to be shitting me
(23:26 / All) spread-em-legs: ur everyhwere
(23:35 / All) 0nsIaugh7: mad skills son
(23:37 / All) bandit6: we were about to meet there to kill your expo so...
(23:41 / All) spread-em-legs: its called maphack
(27:45 / All) JewGold: Terrible luck with getting my bases hit lately
(27:57 / All) bandit6: tell me about it
(28:25 / Allies) JewGold: He has a ward there
(32:36 / All) bandit6: wtf
(33:34 / All) 0nsIaugh7: what an exciting way to spend your time...
(33:45 / All) spread-em-legs: shut ur mouth hacker
(33:58 / All) 0nsIaugh7: i meant orange
(34:07 / All) spread-em-legs: y do u hack in a 10 yr old game loser
(34:12 / All) WildBunch_: Too bad I had to blow my cover
(34:47 / All) spread-em-legs: we even took out green and still lost
(35:01 / All) 0nsIaugh7: yes, well orange didn't do anything all game
(35:01 / All) bandit6: yea
(35:02 / All) JewGold: I couldn't get an expo up and running and didn't have much gold
(35:09 / All) 0nsIaugh7: just saved shit until the end and then killed my units
(35:10 / All) JewGold: and wanted to stay at 50 food
(35:12 / All) WildBunch_: I did plenty
(35:18 / All) WildBunch_: I took out teal by my lonesome
(35:20 / All) bandit6: guess how much gold oj has
(35:29 / All) JewGold: 15833
(35:30 / All) bandit6: 16k
(35:36 / All) bandit6: whoa
(35:42 / All) bandit6: hack much
(35:47 / All) JewGold: no, just al ucky guess obviously
(36:04 / All) spread-em-legs: green y didnt u leave?
(36:12 / All) bandit6: cause we winning
(36:13 / All) 0nsIaugh7: because we were going to win
(36:18 / All) JewGold: You were winning
(36:19 / All) bandit6: didnt think it would take so long
(36:20 / All) JewGold: Not anymore
(36:23 / All) spread-em-legs: but he was just sitting there doin gnotihng
(36:36 / All) 0nsIaugh7: well that;s because orange is a fuck
(36:40 / All) bandit6: oj is draggin it out in asshole style
(37:05 / All) WildBunch_: These here are my crew
(37:08 / All) spread-em-legs: blue y did u keep tping to purple, 4v4 allies dont help each other
(37:09 / All) WildBunch_: We are the WILD BUNCH!
(37:21 / All) 0nsIaugh7: i'm a good ally
(37:37 / All) JewGold: From where you're kneeling it must look like an 18-karat turn of bad luck
(37:39 / All) JewGold: But the truth is
(37:43 / All) JewGold: The game was rigged from the start
(37:56 / All) 0nsIaugh7: yes, you're a bunch of faggots, I understand
(38:01 / All) JewGold: lol
(38:03 / All) WildBunch_: Thems the breaks, I'm afraid
(38:12 / All) WildBunch_: We've been working in collusion before this game even began
(38:21 / All) 0nsIaugh7: congratulations
(38:27 / All) WildBunch_: You see here, you got the upper hand, so that means you gotta lose
(38:34 / All) 0nsIaugh7: you somehow made worcraft 3 an even bigger waste of time
(38:40 / All) JewGold: We still got a prick staying on our side
(38:49 / All) spread-em-legs: we've been having shitty teamwork lately , i havent been paying attention tos hit
(39:06 / All) WildBunch_: Victory sure is fleeting, isn't it boys? Guess you should have snatched it, struck while the iron was hot
(39:13 / All) spread-em-legs: lawl
(39:34 / All) 0nsIaugh7: so orange you take a loss because you're a pussy then?
(39:38 / All) 0nsIaugh7: you're the bitch here?
(39:41 / All) WildBunch_: It's not big thing to me
(39:46 / All) JewGold: He's 0-0 do you think he cares?
(39:53 / All) spread-em-legs: don't talk to my liege lord like that, blue
(40:00 / All) WildBunch_: I've lost hundreds of times, none of them on accounts I ever cared about
(40:04 / All) 0nsIaugh7: shut your mouth yellow you suck you fucking faggot
(40:13 / All) spread-em-legs: dont talk to me like that
(40:21 / All) JewGold: We beat you 2v4 bro
(40:24 / All) JewGold: We're clearly the superior players
(40:32 / All) 0nsIaugh7: and your lord there is a coward fuck
(40:42 / All) 0nsIaugh7: you got your asses kicked by me
(40:43 / All) spread-em-legs: im orange's vassal
(40:45 / All) spread-em-legs: i do wut he says
(40:46 / All) 0nsIaugh7: don't talk shit
(40:54 / All) 0nsIaugh7: you're a faggot
(41:00 / All) spread-em-legs: permission to attack ur expo, my liege?
(41:03 / All) WildBunch_: And you got your ass kicked by me
(41:11 / All) 0nsIaugh7: ....you team killed jackass
(41:19 / All) WildBunch_: The price for messing with my gang
(41:27 / All) 0nsIaugh7: you're an idiot
(41:38 / All) JewGold: You're still in game, seems like you're the idiot, not us
(41:42 / All) JewGold: You're and idiot, blue :)
(41:52 / All) spread-em-legs: feudal lords are chosen by god; they are not idiots
(41:53 / All) 0nsIaugh7: I work the night shift I got all night
(42:00 / All) JewGold: You play WC3 at work?
(42:01 / All) 0nsIaugh7: your god is an idiot
(42:03 / All) JewGold: Where do you "work"?
(42:07 / All) spread-em-legs: ur aussie?
(42:16 / All) 0nsIaugh7: no
(42:25 / All) JewGold: You said his god is an idiot, are you a proud atheist?
(42:29 / All) JewGold: Do you wear a fedora??
(42:39 / All) 0nsIaugh7: no
(43:13 / All) spread-em-legs: see we are master and student
(43:14 / All) spread-em-legs: blue
(43:25 / All) spread-em-legs: he choses if i live or die
(43:29 / All) 0nsIaugh7: you're a fucking pussy learn how to play on your own
(43:30 / All) 0nsIaugh7: you suck
(43:33 / All) JewGold: lol
(43:43 / All) spread-em-legs: how does sucking make me a pussy
(43:45 / All) 0nsIaugh7: and blame hacking because I watched you
(43:49 / All) spread-em-legs: i am not a pussy
(43:53 / All) spread-em-legs: y did u watch me
(44:07 / All) 0nsIaugh7: because I used eyes and saw your movements
(44:17 / All) 0nsIaugh7: And you accuse of hacking
(44:18 / All) spread-em-legs: y dont u call them wards
(44:20 / All) 0nsIaugh7: because you're stupid
(44:28 / All) spread-em-legs: isn't sentry wards a form of hack
(44:32 / All) 0nsIaugh7: synonomous
(44:37 / All) WildBunch_: look at that peon
(44:38 / All) JewGold: Sentry wards is a hack
(44:41 / All) JewGold: They're a campaign only unit
(44:45 / All) JewGold: He hacked them into ladder
(44:48 / All) WildBunch_: it's repairing thin air
(44:50 / All) JewGold: I'm filing a report to Blizzard right now
(45:06 / All) 0nsIaugh7: okay
(45:09 / All) 0nsIaugh7: enjoy
(45:17 / All) spread-em-legs: u dont have all night
(45:23 / All) 0nsIaugh7: yeah I do
(45:26 / All) 0nsIaugh7: i'm being paid right now
(45:31 / All) 0nsIaugh7: PTOP
(45:32 / All) spread-em-legs: where do u live
(45:41 / All) 0nsIaugh7: Rochester NY
(45:49 / All) JewGold: NY? I'm so sorry
(45:50 / All) spread-em-legs: wal street?
(45:57 / All) 0nsIaugh7: so sorry?
(46:06 / All) JewGold: I wouldn't want to live there either
(46:11 / All) 0nsIaugh7: last I knew this was the best state int he union
(46:30 / All) JewGold: Is that what New Yorkers tell themselves at night?
(46:34 / All) spread-em-legs: how did purple halls die when i failed to kill it
(46:36 / All) JewGold: Does the smog make them believe that when they inhale enough?
(47:02 / All) 0nsIaugh7: NY is fairly smog free compared to other cities of similar size
(47:18 / All) JewGold: Yeah but why would you want to live in a city of that size in the first place?
(47:21 / All) JewGold: Fuckin' city people
(47:29 / All) 0nsIaugh7: good job jackwad
(47:38 / All) 0nsIaugh7: i don't like in NYC
(47:40 / All) spread-em-legs: somebody answer me god dammit
(47:43 / All) spread-em-legs: who killed purples hall
(47:53 / All) JewGold: Yeah you live in NY and I'm not American I just assume it's all urban in that state
(48:00 / All) JewGold: It's probably a suburban hellhole instead of an urban one at best
(48:18 / All) 0nsIaugh7: it's metropolitan, it's a city
(48:23 / All) JewGold: Ouch, that sucks
(48:31 / All) 0nsIaugh7: i don't see why
(48:51 / All) JewGold: You can't grow your own food outside and avoid going to a market like in a rural place or build your own house and not have to
(48:56 / All) JewGold: pay rent, or go hunting or hiking in the woods
(49:00 / All) JewGold: Shit place to live IMO
(49:12 / All) JewGold: City people are pussies too
(49:15 / All) 0nsIaugh7: that's not true, my mother lives in the middle of a corn field 25 minutes from where I live
(49:16 / All) JewGold: Probably why you were in WC3 too
(49:25 / All) JewGold: Corn is unhealthy, I'm sorry for her too
(49:30 / All) 0nsIaugh7: I've been in 7 fights in my adult life and lost none
(49:32 / All) JewGold: Gross starchy grain
(49:42 / All) 0nsIaugh7: also I eat corn regularly and am in excellent strength
(49:56 / All) 0nsIaugh7: so keep being wrong
(50:04 / All) JewGold: Taht doesn't make corn healthy
(50:13 / All) JewGold: You can be in good health and eat shit
(50:14 / All) 0nsIaugh7: how is it unhealthy?
(50:23 / All) JewGold: It's a sugary starchy grain
(50:27 / All) JewGold: corn syrup is made of it for a reason
(50:32 / All) 0nsIaugh7: maybe your genes are weak and you can't handle starchy grain?
(50:55 / All) JewGold: http://www.marksdailyapple.com/corn-is-not-a-vegetable/
(51:00 / All) JewGold: google corn sugary starchy grain
(51:04 / All) JewGold: I have excellent genes
(51:09 / All) JewGold: That doesn't make corn healthy
(51:17 / All) 0nsIaugh7: it tastes healthy
(51:23 / All) JewGold: It tastes like sugary shit
(51:27 / All) JewGold: I bet you eat chocolate cereal too
(51:39 / All) 0nsIaugh7: maybe on occasion
(51:51 / All) JewGold: We have figured out that blue is a city person with bad taste in foods and doesn't eat healthy, he is a New Yorker and believes
(51:55 / All) JewGold: it's the best state in the union
(52:00 / All) JewGold: I wonder what else w can find out
(52:08 / All) JewGold: Blue what's your favourite colour?
(52:14 / All) 0nsIaugh7: blue of course
(52:26 / All) JewGold: Age, sex? What are you wearing?
(53:12 / All) 0nsIaugh7: don't worry I won't give you any Pii
(53:54 / All) WildBunch_: he keeps speaking in allies
(54:00 / All) JewGold: Stop that blue
(54:07 / All) 0nsIaugh7: Orange team killed
(54:08 / All) JewGold: Speak where both of your overlords and nutritionists can hear it
(54:32 / All) WildBunch_: He said I was messed up then left
(54:36 / All) JewGold: lol
(54:41 / All) JewGold: Blue do you eat processed foods?
(54:45 / All) JewGold: Do you eat hungry man dinners?
(55:05 / All) 0nsIaugh7: i've been a cook as a job so generally no
(55:09 / All) 0nsIaugh7: how bout you
(55:13 / All) JewGold: What sort of food do you like?
(55:13 / All) 0nsIaugh7: what do you eat?
(55:18 / All) JewGold: What's your favourite meal right now?
(55:25 / All) 0nsIaugh7: i asked first
(55:26 / All) JewGold: I avoid anything processed or sugary
(55:32 / All) JewGold: Yeah that doesn't mean I can't ask too
(56:01 / All) 0nsIaugh7: do you prefer a curvy girl with huge tits witha little weight or a skinny girl with no tits?
(56:23 / All) JewGold: Does curvy mean she's a sea mammal or she has curves? What do you mean by a little extra weight?
(56:41 / All) JewGold: I'm not into bestiality so if she's obese I'll go with the skinny girl any day
(56:48 / All) 0nsIaugh7: the fuck you think I mean queer? She looks like she swings and axe or something
(57:03 / All) 0nsIaugh7: beastiality is fucking an animal
(57:11 / All) JewGold: Bro do you think most people who are fat or obese could even lift an axe?
(57:16 / All) JewGold: Yeah obese people are basically animals
(57:21 / All) JewGold: They should be put in zoos with their own kind
(57:47 / All) 0nsIaugh7: I think that's considered a human rights violation
(58:02 / All) 0nsIaugh7: your ancestors were criminals
(58:05 / All) JewGold: Fortunately they aren't humans
(58:14 / All) JewGold: They're big, fat pigs, and sea mammals
(58:19 / All) JewGold: Creatures with lots of blubber
(58:27 / All) JewGold: Unlike my ancestors who were fit and worked in rural Scotland all day
(58:50 / All) JewGold: Why do you say my ancestors were criminals? What do you know about my ancestors?
(58:53 / All) 0nsIaugh7: scotland? What a queer
(59:06 / All) 0nsIaugh7: aussies?
(59:10 / All) 0nsIaugh7: buncha criminals man
(59:18 / All) JewGold: Wtf? Where the hell did you get aussies from?
(59:19 / All) WildBunch_: The British used to send criminals to the colonies
(59:35 / All) WildBunch_: Franklin wrote in protest of it
(59:40 / All) 0nsIaugh7: yeah I'm only third generationm
(59:41 / All) JewGold: Yeah that didn't happen to my ancestors so I don't know where this criminal shit is coming from
(59:47 / All) JewGold: I'm first generation buddy
(59:54 / All) 0nsIaugh7: whatever criminal
(59:55 / All) JewGold: I have EU and UK citizenship buddy pal
(60:02 / All) JewGold: Ain't no criminals in my bloodline buddy boy
(60:03 / All) 0nsIaugh7: Gross
(60:07 / All) 0nsIaugh7: euro trash
(60:20 / All) JewGold: I could pick up my bags and move to France any time if I felt like it
(60:27 / All) JewGold: You're stuck in NYC eating starchy corn
(60:36 / All) JewGold: and discussing diet with people in Warcraft III: The Frozen Throne
(60:38 / All) 0nsIaugh7: i'm not in NYC
(60:47 / All) JewGold: NY, NYC, whatever, same thing you know what I mean
(60:49 / All) 0nsIaugh7: yeah, but I'm being paid to do it
(60:59 / All) JewGold: I get paid to do this too
(61:01 / All) 0nsIaugh7: NY state is bigger than some european countries
(61:08 / All) JewGold: That's nothing to be proud of
(61:14 / All) 0nsIaugh7: well sure it is
(61:14 / All) JewGold: Quality is better than quantity
(61:25 / All) 0nsIaugh7: NY is a beautiful place
(61:29 / All) 0nsIaugh7: Like... paradise
(61:36 / All) 0nsIaugh7: outside the cities
(61:45 / All) JewGold: If it's that big that just means it has a whole lot of useless fat people who need to be put in zoos
(62:04 / All) JewGold: Maybe petting zoos so people who are fit can feel their folds
(62:08 / All) WildBunch_: Feel free to end the game whenever
(62:11 / All) JewGold: and know what a beast feels like
(62:21 / All) 0nsIaugh7: whatever man, you're Euro trash. Your ancestors are the cause of all the rotten evil shit this world has seen
(62:23 / All) JewGold: What do you think of that idea blue?
(62:29 / All) JewGold: Do you think whitey is evil?
(62:38 / All) JewGold: What rotten shit have euros done?
(63:08 / All) 0nsIaugh7: oh you know. Millions of human rights violations, destoried the african continent
(63:11 / All) WildBunch_: Look at that peon
(63:15 / All) WildBunch_: look at it lol
(63:18 / All) WildBunch_: LOOK AT IT
(63:20 / All) 0nsIaugh7: comitted or attempted to commit genocide on several occasions
(63:23 / All) JewGold: Well the African continent was always shit and it doesn't look like Africans have ever been able to help themselves
(63:26 / All) 0nsIaugh7: the trans atlantic slave trade
(63:37 / All) 0nsIaugh7: both world wars
(63:43 / All) JewGold: Plus most of those were all Christians which means we can dismiss them as Jews if we want to, who are middle eastern, not Euros
(63:45 / All) 0nsIaugh7: created the idea of racism
(63:51 / All) JewGold: Racism is a buzzword
(64:06 / All) 0nsIaugh7: don't get me started on jews
(64:07 / All) JewGold: The slave trade was also started by Africans selling their own into slavery
(64:16 / All) JewGold: and middle easterners enslaved more white people than whites ever did blacks
(64:18 / All) WildBunch_: Every race and culture throughout human history has enslaved and exploited the weak
(64:24 / All) JewGold: Slav looks like the term slave for a reason
(64:25 / All) WildBunch_: And tried to conquer others
(64:28 / All) 0nsIaugh7: well, they weren't selling their own, they were selling enemies
(64:35 / All) WildBunch_: Western Europe was just the most successful in human history
(64:37 / All) JewGold: They were selling Africans to Europeans
(64:40 / All) WildBunch_: that's the only difference
(65:01 / All) 0nsIaugh7: lets not forget the plague
(65:06 / All) 0nsIaugh7: thresh holds
(65:11 / All) WildBunch_: what about it?
(65:15 / All) JewGold: Blue: the corn-eating NY citizen who thinks his state is the greatest in the union and that whites are responsible for all
(65:18 / All) JewGold: history's evils
(65:19 / All) WildBunch_: The plague came from rats from Asia
(65:21 / All) 0nsIaugh7: white people don't eat
(65:32 / All) 0nsIaugh7: the occult
(65:36 / All) WildBunch_: lol
(65:38 / All) JewGold: If white people don't eat why is it that they are the biggest?
(65:39 / All) WildBunch_: alright man
(65:58 / All) JewGold: Though I admit some non-whites are bigger
(66:03 / All) JewGold: Like 80% of black women in the USA are obese